AoeStats
← Lord_Wilfredo

Hideout

507606487Analyzed
1v1 RM · 13d ago on Sep 19, 2026· 45m 17s· 2 players
Game mode
Random Map
Map size
Tiny (2 player)
Population
200
Speed
Normal
Resources
Standard
Victory
Conquest
Starting age
Dark Age
Ending age
Imperial Age
RankedLock teamsTeams togetherTeam positionsShared explorationLock speedFull tech treeHidden civsTurbo modeCheats
Victory
Defeat
🇦🇷 Mongols · Argentina
1298
+15
🇲🇽 Koreans · Mexico
1267
-15
Lord_Wilfredo
6:41 Loom
9:01 Feudal Age
9:44 Double-Bit Axe
14:42 Fletching
16:11 Town Watch
18:28 Scale Barding Armor
21:04 Forging
24:18 Bloodlines
28:53 Wheelbarrow
32:02 Castle Age
31:21 Padded Archer Armor
32:06 Light Cavalry
32:47 Husbandry
33:11 Chain Barding Armor
33:28 Gold Mining
36:48 Iron Casting
36:09 Bodkin Arrow
41:27 Stone Mining
45:05 Imperial Age
43:01 Ballistics
43:58 Gold Shaft Mining
46:14 Conscription
laemonroy
7:52 Loom
10:11 Feudal Age
10:40 Double-Bit Axe
10:29 Man-at-Arms
15:21 Town Watch
16:16 Fletching
27:49 Horse Collar
31:49 Castle Age
30:49 Scale Mail Armor
31:54 Elite Skirmisher
32:07 Pikeman
33:05 Bodkin Arrow
34:10 Squires
35:21 Chain Mail Armor
36:43 Bow Saw
38:12 Arson
39:24 Forging
42:21 Wheelbarrow
43:44 Iron Casting
Connection lost

Rejoining the realm…

Still unreachable

The connection could not be restored.

Session expired

The server has moved on; the page needs a fresh start.